[Event "Early-Titled-Tuesday-Blitz-September-26-2023"]
[Site "Chess.com"]
[Date "2023.09.26"]
[Round "9"]
[White "OparinGrigoriy"]
[Black "Keeper0416"]
[Result "1-0"]
[WhiteElo "2950"]
[BlackElo "2583"]
[TimeControl "180+1"]
[EndTime "9:43:26 PDT"]
[Termination "OparinGrigoriy won by resignation"]

1. g3 d5 2. Bg2 c6 3. Nf3 Nf6 4. c4 Bf5 5. Qb3 Qb6 6. d3 e6 7. Be3 Qb4+ 8. Nc3 Na6 9. O-O Be7 10. Nh4 dxc4 11. Qxc4 Qxc4 12. dxc4 Ng4 13. Nxf5 exf5 14.
Bf4 g5 15. Bc1 Nb4 16. a3 Nc2 17. Ra2 Nd4 18. b4 Ne5 19. Be3 O-O-O 20. b5 Nxc4 21. Bxd4 Rxd4 22. bxc6 bxc6 23. Bxc6 Rhd8 24. Rc1 Bxa3 25.
Rcc2 Bc5 26. Na4 Bb6 27. Bb5 Rd1+ 28. Kg2 1-0

[Event "Early-Titled-Tuesday-Blitz-September-26-2023"]
[Site "Chess.com"]
[Date "2023.09.26"]
[Round "9"]
[White "luizzy"]
[Black "Cheer_Down"]
[Result "1-0"]
[WhiteElo "2627"]
[BlackElo "2467"]
[TimeControl "180+1"]
[EndTime "9:43:35 PDT"]
[Termination "luizzy won by resignation"]

1. b3 e5 2. Bb2 Nc6 3. e3 d5 4. Bb5 Ne7 5. Bxe5 a6 6. Bxc6+ Nxc6 7. Bg3 h5 8. h4 d4 9. Ne2 Be7 10. exd4 Nxd4 11. Nxd4 Qxd4 12. c3 Qb6 13. O-O Be6 14. d4 O-O-O 15. Nd2 g5 16. hxg5 h4 17. Be5 Rhg8 18.
Ne4 Qc6 19. Qe2 Bd5 20. f3 Bxe4 21. Qxe4 Qxc3 22. Rac1 1-0

[Event "Early-Titled-Tuesday-Blitz-September-26-2023"]
[Site "Chess.com"]
[Date "2023.09.26"]
[Round "9"]
[White "rose107"]
[Black "PawnEatingZombie"]
[Result "1/2-1/2"]
[WhiteElo "2084"]
[BlackElo "2143"]
[TimeControl "180+1"]
[EndTime "9:43:48 PDT"]
[Termination "Game drawn by repetition"]

1. e4 Nf6 2. e5 Nd5 3. c4 Nb6 4. d4 d6 5. exd6 exd6 6. Nf3 Be7 7. Bd3 Nc6 8. O-O O-O 9. Nc3 Bf6 10. Be3 Bg4 11. h3 Bxf3 12. Qxf3 Nxd4 13. Bxd4 Bxd4 14.
Bxh7+ Kxh7 15. Qe4+ Kg8 16. Qxd4 Qg5 17. Ne4 Qe5 18. Qxe5 dxe5 19. Rac1 Nd7 20. c5 Nf6 21. Nxf6+ gxf6 22. c6 b6 23. Rfd1 Rfd8 24. Rd7 Rac8 25.
Rcd1 Rxd7 26. cxd7 Rd8 27. h4 Kh7 28. g4 Kg6 29. Kg2 f5 30. gxf5+ Kxf5 31. Kg3 Kg6 32. Rd5 f6 33. a4 a5 34. Kg4 f5+ 35. Kg3 Kf6 36. f4 e4 37. h5 Ke6 38. Re5+ Kf6 39. Rd5 Ke6 40. Re5+ Kf6 41. Rd5 1/2-1/2

[Event "Early-Titled-Tuesday-Blitz-September-26-2023"]
[Site "Chess.com"]
[Date "2023.09.26"]
[Round "9"]
[White "FlemingA"]
[Black "invisible_s0ul"]
[Result "1-0"]
[WhiteElo "2436"]
[BlackElo "2314"]
[TimeControl "180+1"]
[EndTime "9:44:01 PDT"]
[Termination "FlemingA won by resignation"]

1. g3 d5 2. Bg2 c5 3. c4 d4 4.
b4 e5 5. bxc5 Bxc5 6. d3 Ne7 7.
Nf3 Nbc6 8. O-O O-O 9. Nbd2 Rb8 10. Nb3 b6 11. Rb1 Qd6 12. Nfd2 f5 13. Nxc5 bxc5 14.
Rxb8 Nxb8 15. Nb3 Be6 16. f4 e4 17. Ba3 Nd7 18. Qd2 Nc6 19. Qc2 exd3 20. exd3 Nb4 21.
Bxb4 cxb4 22. c5 Rc8 23. cxd6 Rxc2 24. Nxd4 Rxa2 25. Nxe6 b3 26. Nd4 b2 27. Bd5+ 1-0

[Event "Early-Titled-Tuesday-Blitz-September-26-2023"]
[Site "Chess.com"]
[Date "2023.09.26"]
[Round "9"]
[White "MITerryble"]
[Black "DonkyDonkyDonkey"]
[Result "1-0"]
[WhiteElo "2951"]
[BlackElo "2756"]
[TimeControl "180+1"]
[EndTime "9:44:04 PDT"]
[Termination "MITerryble won by resignation"]

1. d4 Nf6 2. Nf3 g6 3. Bg5 Bg7 4. c3 O-O 5. Nbd2 d5 6. e3 b6 7. Be2 c5 8. a4 Nc6 9. O-O Bb7 10. Qb3 Qc7 11. Bf4 Qc8 12. Qa3 Nd7 13. a5 bxa5 14.
dxc5 e5 15. Bg3 Re8 16. Nb3 Bf8 17. Rfd1 e4 18. Nfd4 Nde5 19. Nb5 Ba6 20. Nxa5 Nxa5 21. Qxa5 Bb7 22. Nc7 Nc6 23. Qa3 a6 24. Nxd5 Qf5 25. Nc7 Bxc5 26. b4 Bb6 27. Nxa8 Rxa8 28. Qb3 Ne5 29.
Bxe5 Qxe5 30. Rd7 Bc6 31. Qxf7+ 1-0

[Event "Early-Titled-Tuesday-Blitz-September-26-2023"]
[Site "Chess.com"]
[Date "2023.09.26"]
[Round "9"]
[White "venturov"]
[Black "Raskolnikov6"]
[Result "1-0"]
[WhiteElo "2463"]
[BlackElo "2327"]
[TimeControl "180+1"]
[EndTime "9:44:05 PDT"]
[Termination "venturov won by resignation"]

1. e4 c5 2. Nf3 e6 3. d4 cxd4 4. Nxd4 a6 5. c4 Nf6 6. Nc3 Qc7 7. a3 Nc6 8. Be3 b6 9. f4 Nxd4 10. Qxd4 Bb7 11. Be2 Bc5 12. Qd3 Bxe3 13. Qxe3 d6 14. b4 O-O 15. O-O Rac8 16. Rac1 Rfe8 17. Rfd1 Rb8 18. Kh1 h6 19. Bf3 Qxc4 20. Ne2 Qb5 21. Rxd6 Ba8 22. Nd4 Qa4 23. Bd1 Ng4 24. Bxg4 Rbc8 25. Re1 a5 26. Rxb6 axb4 27. Rxb4 Qa7 28. h3 e5 29. fxe5 Rcd8 30. Nf5 Rxe5 31. Qxa7 1-0

[Event "Early-Titled-Tuesday-Blitz-September-26-2023"]
[Site "Chess.com"]
[Date "2023.09.26"]
[Round "9"]
[White "Mariia89"]
[Black "Shockerlover"]
[Result "1-0"]
[WhiteElo "2082"]
[BlackElo "1961"]
[TimeControl "180+1"]
[EndTime "9:44:05 PDT"]
[Termination "Mariia89 won by resignation"]

1. d4 Nf6 2. Nf3 g6 3. c4 Bg7 4. Nc3 O-O 5. e4 d6 6. Be2 Nbd7 7. O-O c5 8. Re1 cxd4 9. Nxd4 Ne5 10. f3 Bd7 11. Be3 Rc8 12. b3 a6 13. Rc1 Nc6 14. Qd2 e5 15. Nc2 Qe7 16. Red1 Ne8 17. Nd5 Qe6 18.
Nb6 Rd8 19. Nb4 Nxb4 20. Qxb4 Bc6 21. Nd5 f5 22. Bb6 Rd7 23. c5 fxe4 24. fxe4 Rdf7 25.
Bf3 Rxf3 26. gxf3 Rxf3 27. Rc2 Qg4+ 28. Rg2 Rf1+ 29. Rxf1 Qxe4 30. Qxe4 dxc5 31. Qf3 1-0

[Event "Early-Titled-Tuesday-Blitz-September-26-2023"]
[Site "Chess.com"]
[Date "2023.09.26"]
[Round "9"]
[White "Lady_Nika"]
[Black "profedechess93"]
[Result "1-0"]
[WhiteElo "2508"]
[BlackElo "2643"]
[TimeControl "180+1"]
[EndTime "9:44:14 PDT"]
[Termination "Lady_Nika won by resignation"]

1. e4 e6 2. d4 d5 3. exd5 exd5 4.
Nf3 Bg4 5. Be2 Nc6 6. O-O Bd6 7.
c3 Nge7 8. Nbd2 Qd7 9. b4 O-O 10. a4 a6 11. Ba3 Ng6 12. Re1 Nf4 13. Bf1 Rfe8 14. Qc2 Bf5 15. Qa2 Nd3 16. Bxd3 Bxd3 17. Nb3 Qg4 18. Nc5 Be4 19. Nxe4 dxe4 20. Nd2 Re6 21. Qc2 Rh6 22. Qxe4 Bxh2+ 23. Kf1 Qd7 24. g3 Rd8 25. Qg2 Qf5 26. Re3 Qc2 27. Nf3 Bxg3 28.
fxg3 Qf5 29. Rae1 Re6 30. Rxe6 fxe6 31. Kg1 1-0

[Event "Early-Titled-Tuesday-Blitz-September-26-2023"]
[Site "Chess.com"]
[Date "2023.09.26"]
[Round "9"]
[White "ElenaPershina"]
[Black "Shuvalov"]
[Result "0-1"]
[WhiteElo "2322"]
[BlackElo "2478"]
[TimeControl "180+1"]
[EndTime "9:44:14 PDT"]
[Termination "Shuvalov won by resignation"]

1. e4 e6 2. d4 d5 3. Nd2 c5 4. exd5 exd5 5. Ngf3 Nc6 6. Bb5 Qe7+ 7. Qe2 Qxe2+ 8.
Bxe2 Bf5 9. c3 cxd4 10. cxd4 Bd6 11. O-O f6 12. Bb5 Ne7 13. Re1 Kf7 14. Nb3 Nb4 15. Rd1 Nc2 16. Rb1 Na3 17. bxa3 Bxb1 18. Nc5 Bxc5 19. dxc5 Bxa2 20. Nd4 Rhd8 21. Bf4 Rac8 22. Bd6 Bc4 23. Ba4 Ng6 24. g3 b6 25. Nc6 Rh8 26.
cxb6 axb6 27. f4 b5 28. f5 Rxc6 29. fxg6+ hxg6 0-1

[Event "Early-Titled-Tuesday-Blitz-September-26-2023"]
[Site "Chess.com"]
[Date "2023.09.26"]
[Round "9"]
[White "bennyficial"]
[Black "maurovargas01"]
[Result "1-0"]
[WhiteElo "2128"]
[BlackElo "1889"]
[TimeControl "180+1"]
[EndTime "9:44:23 PDT"]
[Termination "bennyficial won by resignation"]

1. Nf3 Nc6 2. c4 e5 3. b3 f5 4. Bb2 Nf6 5. Nxe5 Bc5 6. Nxc6 dxc6 7. e3 O-O 8. Be2 f4 9. d4 Bb4+ 10. Bc3 Bxc3+ 11. Nxc3 fxe3 12. fxe3 Qe7 13. Qd3 Ng4 14. Bxg4 Bxg4 15. e4 Rae8 16. e5 c5 17. Nd5 Qd7 18.
h3 Bh5 19. g4 Bg6 20. Qe3 cxd4 21. Qxd4 c6 22. Nf6+ gxf6 23. Qxd7 Rxe5+ 24. Kf2 f5 25. g5 f4 26. Rhe1 Rxg5 27. Rg1 Re5 28. Rae1 Rh5 29. Re7 Rxh3 30. Qxh3 1-0

[Event "Early-Titled-Tuesday-Blitz-September-26-2023"]
[Site "Chess.com"]
[Date "2023.09.26"]
[Round "9"]
[White "UK_23"]
[Black "pinguino120"]
[Result "1-0"]
[WhiteElo "2412"]
[BlackElo "2227"]
[TimeControl "180+1"]
[EndTime "9:44:24 PDT"]
[Termination "UK_23 won by checkmate"]

1. e4 c5 2. Nf3 a6 3. g3 b5 4.
Bg2 Bb7 5. Qe2 e6 6. O-O Be7 7. e5 d6 8. exd6 Qxd6 9. d3 Nc6 10. Nbd2 Nf6 11. a4 O-O 12. Re1 Qd7 13.
b3 Nd4 14. Qd1 Nd5 15. Nxd4 cxd4 16. Bb2 Nc3 17. Bxc3 dxc3 18. Ne4 b4 19. a5 Qd5 20.
Nf6+ Bxf6 21. Bxd5 Bxd5 22. Ra4 Rab8 23. Qg4 Be7 24. h4 f5 25. Qe2 Rb5 26. h5 f4 27.
g4 f3 28. Qe3 Bc5 29. d4 Bd6 30. Qd3 Rf4 31. Re3 Rxg4+ 32. Kf1 Rh4 33. Rxf3 Bxf3 34. Qxf3 Rf4 35. Qa8+ Kf7 36. Qxa6 Rxh5 37. Qxd6 Re4 38. a6 Rd5 39. Qc7+ Kf6 40. a7 Rdxd4 41. a8=Q Rd1+ 42. Kg2 Rg4+ 43. Qg3 Rxg3+ 44. Kxg3 Rg1+ 45. Kf3 Rd1 46. Qf8+ Kg6 47. Rxb4 Rd2 48. Rg4+ Kh6 49. Qf4+ g5 50.
Qxg5# 1-0

[Event "Early-Titled-Tuesday-Blitz-September-26-2023"]
[Site "Chess.com"]
[Date "2023.09.26"]
[Round "9"]
[White "Kielinkei"]
[Black "Makswolf200817"]
[Result "0-1"]
[WhiteElo "2482"]
[BlackElo "2717"]
[TimeControl "180+1"]
[EndTime "9:44:26 PDT"]
[Termination "Makswolf200817 won by resignation"]

1. c4 e6 2. Nc3 d5 3. e3 Nf6 4. b3 c5 5. cxd5 exd5 6. Bb5+ Nc6 7. Nf3 d4 8. Ne2 Bg4 9. Bxc6+ bxc6 10. d3 Bxf3 11.
gxf3 Be7 12. Bb2 dxe3 13. fxe3 Nd5 14. Qd2 Bh4+ 15. Kf1 Qg5 16. f4 Qg4 17. Ng1 Rd8 18. Qe2 Qe6 19. Be5 O-O 20. e4 Nxf4 21. Bxf4 Qf6 22. Rd1 Qxf4+ 23. Qf3 Qe5 24. Ne2 f5 25. Kg2 fxe4 0-1

[Event "Early-Titled-Tuesday-Blitz-September-26-2023"]
[Site "Chess.com"]
[Date "2023.09.26"]
[Round "9"]
[White "kroppar"]
[Black "GradualismUnleashed"]
[Result "1-0"]
[WhiteElo "2431"]
[BlackElo "2586"]
[TimeControl "180+1"]
[EndTime "9:44:27 PDT"]
[Termination "kroppar won by resignation"]

1. e4 c5 2. Nf3 e6 3. c4 Nc6 4. b3 Nd4 5. Bb2 Nxf3+ 6. Qxf3 d6 7. Nc3 Be7 8. O-O-O Bf6 9. g4 Ne7 10. h4 h6 11. g5 Be5 12. gxh6 Rxh6 13. h5 Nc6 14.
Qg4 Qf6 15. f4 Qxf4 16. Qxf4 Bxf4 17. Nb5 g6 18. Nc7+ Kd8 19. Nxa8 gxh5 20. Be2 h4 21.
Rxh4 Rxh4 22. Bf6+ Kd7 23. Bxh4 b6 24. Rf1 Nd4 25.
Bg4 f5 26. Rxf4 fxg4 27. Rf7+ Ke8 28. Rh7 g3 29. Nc7+ Kf8 30. Rh8+ Kg7 31. Rxc8 g2 32. Bf2 Ne2+ 33. Kd1 1-0

[Event "Early-Titled-Tuesday-Blitz-September-26-2023"]
[Site "Chess.com"]
[Date "2023.09.26"]
[Round "9"]
[White "LeoWin2012"]
[Black "infinitegiantkiller"]
[Result "1-0"]
[WhiteElo "2338"]
[BlackElo "2433"]
[TimeControl "180+1"]
[EndTime "9:44:27 PDT"]
[Termination "LeoWin2012 won by resignation"]

1. Nf3 Nf6 2. g3 g6 3. Bg2 Bg7 4. O-O O-O 5. d4 d5 6. Nbd2 b6 7.
b3 Bb7 8. Bb2 Nbd7 9. Ne5 e6 10.
Re1 c5 11. c4 cxd4 12. Bxd4 Nc5 13. cxd5 Bxd5 14. Ndc4 Bxg2 15. Kxg2 Qd5+ 16. Kg1 Rfd8 17.
Bb2 Qb7 18. Qc2 Rac8 19. Rad1 Ncd7 20. Nxd7 Rxd7 21. Rxd7 Qxd7 22. Rd1 Qc6 23. Qd3 Nd5 24. Bxg7 Kxg7 25. Qd4+ Kg8 26. e4 Ne7 27. Qf6 Qc7 28. Ne5 Nc6 29. Rd7 Nxe5 30. Rxc7 Rxc7 31. Qd8+ Kg7 32. Qxc7 1-0

[Event "Early-Titled-Tuesday-Blitz-September-26-2023"]
[Site "Chess.com"]
[Date "2023.09.26"]
[Round "9"]
[White "NowInChess"]
[Black "rikchessmx"]
[Result "0-1"]
[WhiteElo "2260"]
[BlackElo "2362"]
[TimeControl "180+1"]
[EndTime "9:44:30 PDT"]
[Termination "rikchessmx won on time"]

1. e4 d5 2. exd5 Qxd5 3. Nc3 Qa5 4. g3 Nf6 5. Bg2 Nc6 6. d4 Bg4 7. Ne2 e6 8. O-O O-O-O 9. Be3 e5 10. d5 Nb4 11. a3 Nbxd5 12. Nxd5 Nxd5 13. Qe1 Qxe1 14. Raxe1 Nxe3 15. fxe3 f6 16. Nc3 Be6 17. Rd1 Bc5 18. Kf2 c6 19. Rxd8+ Rxd8 20. Rd1 Rxd1 21. Nxd1 Bf5 22. c3 Bd3 23. Ke1 Bc2 24. e4 Bg1 25. h3 Kc7 26. Kd2 Bb3 27. Ne3 g6 28. Ng4 h5 29. Nxf6 Bh2 30. g4 Bf4+ 31. Ke2 Bc4+ 32. Kf3 hxg4+ 33. Nxg4 Kd6 34. Ne3 Be6 35. Bf1 b5 36. h4 a5 37. Ng2 Bc1 38. b3 Bxa3 39. Ne3 Bxb3 40. Bh3 Bc1 41. Ke2 Bxe3 42. Kxe3 a4 43.
Kd3 a3 0-1

[Event "Early-Titled-Tuesday-Blitz-September-26-2023"]
[Site "Chess.com"]
[Date "2023.09.26"]
[Round "9"]
[White "Mr_Lion22"]
[Black "TregubovP"]
[Result "1-0"]
[WhiteElo "2494"]
[BlackElo "2622"]
[TimeControl "180+1"]
[EndTime "9:44:32 PDT"]
[Termination "Mr_Lion22 won by resignation"]

1. d4 Nf6 2. c4 e6 3. Nc3 Bb4 4. f3 c5 5. d5 d6 6. e4 O-O 7. Ne2 b5 8. a3 Ba5 9. Ng3 bxc4 10. Bxc4 exd5 11. exd5 Re8+ 12. Kf2 Nbd7 13. Re1 Rxe1 14.
Qxe1 Nb6 15. Qe2 Bxc3 16. bxc3 Nfxd5 17. Bg5 Qd7 18. Re1 Bb7 19. Bb5 Nxc3 20. Bxd7 Nxe2 21.
Rxe2 Nxd7 22. Nf5 f6 23. Re7 fxg5 24. Rxd7 Bc8 25. Rd8+ Kf7 26. Rxc8 Rxc8 27. Nxd6+ Ke6 28. Nxc8 a5 29. Ke3 Kd5 30. Nb6+ Kc6 31. Nc4 Kb5 32. Kd3 Ka4 33. Kc3 h5 34. g3 Kb5 35. Kb3 a4+ 36.
Kc3 Kc6 37. Nb2 Kb5 38. Kd3 1-0

[Event "Early-Titled-Tuesday-Blitz-September-26-2023"]
[Site "Chess.com"]
[Date "2023.09.26"]
[Round "9"]
[White "Katuducha"]
[Black "Me_ch_an"]
[Result "0-1"]
[WhiteElo "2202"]
[BlackElo "2343"]
[TimeControl "180+1"]
[EndTime "9:44:32 PDT"]
[Termination "Me_ch_an won by resignation"]

1. e4 c5 2. Nf3 Nc6 3. Bb5 Qb6 4. Nc3 e6 5. a4 a6 6. Bxc6 Qxc6 7. d4 cxd4 8. Nxd4 Qc7 9. O-O Nf6 10. h3 Bb4 11. Qd3 O-O 12. Bg5 Bxc3 13. bxc3 Qe5 14. Bxf6 Qxf6 15. f4 d5 16. e5 Qe7 17. Rae1 Qc5 18. Kh2 Bd7 19. f5 exf5 20. Nxf5 Bxf5 21. Rxf5 Rac8 22. Re3 Qc4 23. Qe2 Qxe2 24. Rxe2 Rxc3 25. e6 fxe6 26. Rxf8+ Kxf8 27. Rxe6 Rxc2 28. Rd6 Rc5 29.
Rd7 b5 30. axb5 Rxb5 31. Ra7 Rb6 32. Kg3 Rd6 33. Kf3 d4 34. Ke2 d3+ 35. Kd2 h6 36. h4 Kg8 37. h5 Kh7 38. g4 Rd4 39.
Rxa6 Rxg4 40. Ra5 Rg5 41. Rxg5 hxg5 42. Kxd3 Kh6 43. Ke4 Kxh5 44. Kf3 Kh4 45. Kg2 Kg4 46.
Kh2 Kf3 47. Kg1 Kg3 48. Kh1 Kh3 49. Kg1 g4 50. Kh1 g3 51. Kg1 g2 52. Kf2 Kh2 53. Kf3 g1=Q 0-1

[Event "Early-Titled-Tuesday-Blitz-September-26-2023"]
[Site "Chess.com"]
[Date "2023.09.26"]
[Round "9"]
[White "PavelChernomordik"]
[Black "KVAIDAN"]
[Result "1-0"]
[WhiteElo "2504"]
[BlackElo "2289"]
[TimeControl "180+1"]
[EndTime "9:44:33 PDT"]
[Termination "PavelChernomordik won on time"]

1. e4 e5 2. Nf3 d5 3. exd5 e4 4.
Qe2 Nf6 5. Nc3 Be7 6. Nxe4 Nxd5 7. Qd1 O-O 8. Be2 f5 9. Nc3 Nf4 10. Bc4+ Kh8 11. O-O Bd6 12. d4 Nc6 13. Nb5 a6 14. Nxd6 Qxd6 15. Ne5 Nd5 16. Re1 Nb6 17. Nf7+ Rxf7 18.
Bxf7 Bd7 19. c3 Qf6 20. Bb3 Rf8 21. Bf4 Qd8 22. Qh5 Na5 23. Be6 Bxe6 24. Rxe6 Nac4 25. Rae1 Nd7 26. Re8 Qf6 27. Rxf8+ Nxf8 28. Qe8 h6 29. Be5 Nd6 30. Bxf6 1-0

[Event "Early-Titled-Tuesday-Blitz-September-26-2023"]
[Site "Chess.com"]
[Date "2023.09.26"]
[Round "9"]
[White "Journey_to_GrandMaster_YT"]
[Black "Crazy_girl99"]
[Result "1/2-1/2"]
[WhiteElo "2608"]
[BlackElo "2719"]
[TimeControl "180+1"]
[EndTime "9:44:34 PDT"]
[Termination "Game drawn by stalemate"]

1. d4 Nf6 2. Nf3 g6 3. g3 Bg7 4.
Bg2 O-O 5. O-O d5 6. c3 c6 7. a4 a5 8. Qb3 Nbd7 9. Bf4 Qb6 10. Nbd2 Re8 11. Ne5 h6 12. Nxd7 Nxd7 13. e4 Qxb3 14.
Nxb3 dxe4 15. Bxe4 e5 16. dxe5 Nxe5 17. Rae1 Bh3 18.
Bg2 Bxg2 19. Kxg2 Nd3 20. Rxe8+ Rxe8 21. Nxa5 Nxb2 22. Nxb7 Nxa4 23. c4 Nb2 24. Nd6 Re6 25. c5 Nd3 26. Be3 Bf8 27. Rd1 Ne5 28. Nb7 Nc4 29. Bd4 Re7 30. Nd6 Nxd6 31. cxd6 Rd7 32. Bc5 f5 33. Ra1 Kf7 34. Ra6 Ke6 35. Rxc6 Bxd6 36.
Bxd6 Rxd6 37. Rxd6+ Kxd6 38. Kf3 Ke5 39. Ke3 g5 40.
f4+ Kd5 41. fxg5 hxg5 42. h4 gxh4 43. gxh4 Ke5 44. h5 Kf6 45. Kf4 Kg7 46. Kxf5 Kh6 47.
Kg4 Kh7 48. Kg5 Kg7 49. h6+ Kh7 50. Kh5 Kh8 51. Kg6 Kg8 52. h7+ Kh8 53. Kh6 1/2-1/2

[Event "Early-Titled-Tuesday-Blitz-September-26-2023"]
[Site "Chess.com"]
[Date "2023.09.26"]
[Round "9"]
[White "LileKoridze"]
[Black "GMJustin"]
[Result "1-0"]
[WhiteElo "2346"]
[BlackElo "2226"]
[TimeControl "180+1"]
[EndTime "9:44:34 PDT"]
[Termination "LileKoridze won by resignation"]

1. d4 Nf6 2. c4 e6 3. Nf3 c6 4. e3 d5 5. Bd3 dxc4 6. Bxc4 c5 7. O-O Nc6 8. Nc3 Be7 9. dxc5 Bxc5 10. Qc2 O-O 11. Rd1 Qe7 12. a3 a6 13. b4 Ba7 14.
Bb2 b5 15. Bd3 Bb7 16. Ne4 Nd5 17. Nc5 Ncxb4 18. axb4 Nxb4 19. Qc3 f6 20. Nxb7 Nxd3 21. Qxd3 Qxb7 22. Qd6 e5 23. Qe6+ 1-0

[Event "Early-Titled-Tuesday-Blitz-September-26-2023"]
[Site "Chess.com"]
[Date "2023.09.26"]
[Round "9"]
[White "viktorskliarov"]
[Black "Mikhail_Bryakin"]
[Result "0-1"]
[WhiteElo "2647"]
[BlackElo "2831"]
[TimeControl "180+1"]
[EndTime "9:44:35 PDT"]
[Termination "Mikhail_Bryakin won by resignation"]

1. e4 e6 2. d4 d5 3. e5 f6 4. Nf3 Nc6 5. Bb5 Bd7 6. Bxc6 Bxc6 7. O-O Qd7 8. Re1 f5 9. b3 a5 10. a4 h6 11. h4 Qf7 12. Bf4 Qh5 13. Qd2 Be7 14.
Kf1 Bxh4 15. Nxh4 Qxh4 16. g3 Qh5 17. Nc3 g5 18. Be3 f4 19. gxf4 gxf4 20. Bxf4 Ne7 21.
Nb5 Bxb5+ 22. axb5 b6 23. Qd1 Qf5 24. Bg3 h5 25.
Qd3 h4 26. Qxf5 Nxf5 27. Bf4 Nxd4 28. Ra4 Nxb5 29. c4 Nc3 30. Raa1 Ne4 31. f3 Nc5 32. cxd5 Nd3 33. Re4 exd5 34. Rd4 Nxf4 35. Rxf4 Ke7 36. Rf6 Raf8 37. Rc1 Rxf6 38. exf6+ Kd6 0-1

[Event "Early-Titled-Tuesday-Blitz-September-26-2023"]
[Site "Chess.com"]
[Date "2023.09.26"]
[Round "9"]
[White "Flaccidmoves"]
[Black "Aariow"]
[Result "1-0"]
[WhiteElo "2481"]
[BlackElo "2605"]
[TimeControl "180+1"]
[EndTime "9:44:35 PDT"]
[Termination "Flaccidmoves won on time"]

1. e4 c5 2. Nf3 Nc6 3. Bb5 g6 4. c3 Bg7 5. d4 cxd4 6. cxd4 a6 7. Ba4 Qb6 8. d5 Ne5 9. Nxe5 Bxe5 10. Nc3 Nf6 11. O-O Bxc3 12. bxc3 Nxe4 13. Qf3 f5 14. Bc2 Nf6 15. Re1 O-O 16. Rxe7 Qc5 17. Re1 d6 18. Re7 Bd7 19. Bh6 Rf7 20. Rae1 Rxe7 21. Rxe7 Re8 22. Rxe8+ Bxe8 23. Qe2 Ne4 24. Bxe4 fxe4 25. Qxe4 Qc8 26. Qe7 Bf7 27. Qf6 1-0

[Event "Early-Titled-Tuesday-Blitz-September-26-2023"]
[Site "Chess.com"]
[Date "2023.09.26"]
[Round "9"]
[White "ExchangeAB"]
[Black "Alphafischer2019"]
[Result "0-1"]
[WhiteElo "2434"]
[BlackElo "2597"]
[TimeControl "180+1"]
[EndTime "9:44:37 PDT"]
[Termination "Alphafischer2019 won by resignation"]

1. Nf3 Nf6 2. e3 b6 3. b3 Bb7 4.
Bb2 g6 5. Be2 Bg7 6. O-O d6 7. d4 O-O 8. c4 Nbd7 9. Nc3 e5 10.
Qc2 Re8 11. Rfd1 a5 12. dxe5 Nxe5 13. Nxe5 Rxe5 14. Nd5 Nxd5 15. cxd5 Rxd5 16. Bxg7 Rxd1+ 17. Rxd1 Kxg7 18. Rc1 Rc8 19. Qd2 Qe7 20. Qd4+ Qf6 21.
Bg4 Qxd4 22. exd4 f5 23. Be2 Kf6 24. f3 c5 25. dxc5 bxc5 26. Kf2 d5 27. Bb5 d4 28.
h4 Ke5 29. Ke2 Kd6 30. Kd3 Bd5 31. Re1 h6 32. Bc4 g5 33. Bxd5 Kxd5 34. Re7 gxh4 35. Rf7 Ke5 36. Rh7 Rc6 37. Rh8 Kf4 38. Rg8 Re6 39.
Rg7 Re3+ 40. Kd2 Re6 41. Rg8 h3 42. gxh3 Kxf3 43. Rg1 f4 44. Kd3 Re3+ 45. Kd2 Kf2 46. Rg6 Rxh3 47. Rf6 f3 48. Rf5 Kg2 0-1

[Event "Early-Titled-Tuesday-Blitz-September-26-2023"]
[Site "Chess.com"]
[Date "2023.09.26"]
[Round "9"]
[White "kereswasbest"]
[Black "Barbix1"]
[Result "1-0"]
[WhiteElo "2312"]
[BlackElo "2337"]
[TimeControl "180+1"]
[EndTime "9:44:41 PDT"]
[Termination "kereswasbest won on time"]

1. d4 Nf6 2. c4 g6 3. Nc3 d5 4.
cxd5 Nxd5 5. e4 Nxc3 6. bxc3 Bg7 7. Be3 c5 8. Qd2 Qa5 9. Nf3 O-O 10. Rc1 cxd4 11. cxd4 Qxd2+ 12. Kxd2 Nc6 13. d5 Ne5 14. Nxe5 Bxe5 15. f4 Bg7 16. Rc7 e6 17. d6 Rd8 18. e5 Bd7 19. Bd3 b6 20. Rhc1 f5 21. Ba6 Kf8 22. Bb7 Rab8 23. g3 Ke8 24. R1c4 Bf8 25.
Kc3 a5 26. Kd2 Bb5 27. Bc6+ Bxc6 28. R4xc6 b5 29. Ba7 Ra8 30. Bb6 a4 31. Kc3 Rd7 32. Rxd7 Kxd7 33. Rc7+ Ke8 34. d7+ Ke7 35. Rc8 1-0

[Event "Early-Titled-Tuesday-Blitz-September-26-2023"]
[Site "Chess.com"]
[Date "2023.09.26"]
[Round "9"]
[White "FREDERICKtheMATE"]
[Black "attack2mateU"]
[Result "0-1"]
[WhiteElo "2607"]
[BlackElo "2741"]
[TimeControl "180+1"]
[EndTime "9:44:43 PDT"]
[Termination "attack2mateU won by resignation"]

1. Nf3 c5 2. g3 Nc6 3. Bg2 e5 4. c4 g6 5. Nc3 Bg7 6. O-O d6 7. d3 Nge7 8. Ne1 Be6 9. Nd5 O-O 10. Nc2 Rb8 11. Nce3 a6 12. a3 b5 13. cxb5 axb5 14. b4 Nxd5 15. Bxd5 Qd7 16. Rb1 cxb4 17. axb4 Ne7 18. Bxe6 Qxe6 19. Qb3 d5 20. Bb2 Rfd8 21. Ng2 Qh3 22. f4 e4 23. Bxg7 Kxg7 24. Ra1 Nf5 25. Ra7 Rbc8 26. dxe4 Nd4 27. Qd3 dxe4 28. Qxe4 Rc2 29.
Re1 Qg4 30. Kf2 Rd2 31. Nh4 Qh3 32. Qg2 Qe6 33. Kf1 Nc2 34. Qf3 Nxe1 35. Kxe1 Rd1+ 36.
Kf2 Qb6+ 37. Qe3 Rf1+ 38. Kxf1 Qxe3 0-1

[Event "Early-Titled-Tuesday-Blitz-September-26-2023"]
[Site "Chess.com"]
[Date "2023.09.26"]
[Round "9"]
[White "blitzking1729"]
[Black "RandomNoob04"]
[Result "1-0"]
[WhiteElo "2771"]
[BlackElo "2620"]
[TimeControl "180+1"]
[EndTime "9:44:44 PDT"]
[Termination "blitzking1729 won by resignation"]

1. c4 Nf6 2. Nc3 e6 3. g3 d5 4. d4 Be7 5. Nf3 O-O 6. Bg2 dxc4 7. Ne5 Nc6 8. Bxc6 bxc6 9. Nxc6 Qe8 10. Nxe7+ Qxe7 11. Qa4 e5 12. dxe5 Qxe5 13. Qxc4 Bh3 14. Bf4 Qh5 15.
f3 Be6 16. Qb5 Qg6 17. b3 c6 18. Qg5 Qc2 19. Rc1 Qb2 20. Be5 Ne8 21. Ne4 Qa3 22.
Nf6+ Nxf6 23. Bxf6 Qxc1+ 24. Qxc1 gxf6 25. Kf2 Rfe8 26. Rd1 Re7 27. Qxc6 Rae8 28. Rd2 Bc8 29. Qxf6 Re6 30.
Qg5+ Kf8 31. e4 Bb7 32. Rd8 f6 33. Qc5+ Kg8 34. Rxe8+ Rxe8 35. Qxa7 Re7 36. Qb6 h5 37. a4 h4 38. gxh4 f5 39. a5 fxe4 40. a6 e3+ 41.
Ke2 Bxf3+ 42. Kxf3 e2 43. Qd8+ Kf7 44. Qxe7+ Kxe7 45. Kxe2 1-0

[Event "Early-Titled-Tuesday-Blitz-September-26-2023"]
[Site "Chess.com"]
[Date "2023.09.26"]
[Round "9"]
[White "AndrewB92"]
[Black "Mystery2007"]
[Result "0-1"]
[WhiteElo "2363"]
[BlackElo "2478"]
[TimeControl "180+1"]
[EndTime "9:44:44 PDT"]
[Termination "Mystery2007 won on time"]

1. d4 e6 2. c4 d5 3. Nc3 Nf6 4. Nf3 c6 5. Bg5 Nbd7 6. e3 Qa5 7. Nd2 dxc4 8. Bxf6 Nxf6 9. Nxc4 Qc7 10. Bd3 a6 11. O-O b5 12. Ne5 Bd6 13. f4 Bb7 14. Rc1 c5 15. dxc5 Bxc5 16. Kh1 Bxe3 17. Nxb5 Qxc1 18.
Nd6+ Ke7 19. Qb3 Bd5 20. Rxc1 Bxb3 21. Re1 Bxf4 22. Ndxf7 Bxe5 23. Nxh8 Bxa2 24. Rxe5 Rxh8 25. Bxa6 Rb8 0-1

[Event "Early-Titled-Tuesday-Blitz-September-26-2023"]
[Site "Chess.com"]
[Date "2023.09.26"]
[Round "9"]
[White "Krakozia"]
[Black "moro182"]
[Result "0-1"]
[WhiteElo "3005"]
[BlackElo "2865"]
[TimeControl "180+1"]
[EndTime "9:44:46 PDT"]
[Termination "moro182 won by resignation"]

1. Nf3 d5 2. g3 Nd7 3. d4 Nb6 4. Nc3 Nf6 5. Bg2 Bf5 6. Nh4 e6 7. Nxf5 exf5 8. Qd3 Qd7 9. a4 a5 10. b3 Bb4 11. O-O O-O 12. Na2 Bd6 13. c4 Be7 14. Bg5 c6 15. c5 Nc8 16. Nc3 Ne4 17. Bf4 Bg5 18. Bxg5 Nxg5 19. Rfb1 Ne4 20. b4 axb4 21. Rxb4 Ne7 22. e3 Ra7 23. Ne2 g6 24. Nf4 h5 25. h4 Rfa8 26. Qb3 Kg7 27. Ra2 Ng8 28. Nd3 Ngf6 29. Ne5 Qc7 30. Rb2 Nxc5 31. Qc2 Nxa4 32. Rb1 Ne4 33. Nd3 Nac3 34. R1b3 Ra1+ 35.
Bf1 Nxg3 36. fxg3 Qxg3+ 37. Qg2 Ne2+ 0-1